 Dungeon Crawl Stone Soup version 0.29-a0-648-g6b26cc9f40 (webtiles) character file.

Game seed: 3529951509541564271

3075 skullybones the Schismatic (level 9, 0/108 HPs)
             Began as a Demonspawn Abyssal Knight on June 21, 2022.
             Was an Elder of Lugonu.
             Slain by a killer bee (2 damage)
             ... on level 8 of the Dungeon.
             The game lasted 00:11:29 (9719 turns).

skullybones the Schismatic (DsAK)                   Turns: 9719, Time: 00:11:29

Health: 0/108      AC: 24    Str: 18    XL:     9   Next: 58%
Magic:  15/15      EV:  2    Int: 12    God:    Lugonu [****..]
Gold:   462        SH:  0    Dex: 13    Spells: 8/8 levels left

rFire   . . .      SeeInvis .   c - +0 lajatang
rCold   . . .      Faith    .   (shield currently unavailable)
rNeg    . . .      Spirit   .   (body armour currently unavailable)
rPois   +          Reflect  .   (helmet currently unavailable)
rElec   .          Harm     .   (cloak currently unavailable)
rCorr   .          Rampage  .   (gloves currently unavailable)
Will    .....      NoTele   +   (boots currently unavailable)
Stlth   +.........              A - amulet of the acrobat
HPRegen 0.28/turn               (no ring)
MPRegen 0.14/turn               (no ring)

@: brilliant, lethally poisoned (0 -> -5), tree-form
A: stationary, stasis, torment immunity, boosted hp, foul stench 1, powered by
pain 1, (sharp scales 1), (demonic touch 2)
a: Renounce Religion, Depart the Abyss, Bend Space, Banish, Corrupt


You were on level 8 of the Dungeon.
You worshipped Lugonu.
Lugonu was greatly pleased with you.
You were a tree.
You visited 1 branch of the dungeon, and saw 8 of its levels.
You visited the Abyss 1 time.
You also visited: Ossuary.

You collected 462 gold pieces.


Innate Abilities, Weirdness & Mutations

You are a tree.
Your roots penetrate the ground, keeping you stationary.
You cannot be teleported.
You are immune to unholy pain and torment.
Your maximum health is greatly increased.
Your equipment is partially melded.
You may rarely emit foul miasma when damaged in melee.
You sometimes gain a little power by taking damage.
((You are partially covered in razor-sharp scales. (AC +1, Slay +1)))
((Your touch may inflict irresistible damage on your foes.))


   Skills:
 + Level 7.3 Fighting
 + Level 6.4 Polearms
 + Level 6.4 Armour
 - Level 0.8 Dodging
 - Level 9.0 Invocations


You had 8 spell levels left.
You didn't know any spells.
Your spell library contained the following spells:

 Spells                   Type           Power      Damage    Failure   Level
 Dazzling Flash           Conj/Hex       0%         N/A       69%         3
 Gell's Gravitas          Tloc           0%         N/A       69%         3
 Inner Flame              Hex/Fire       0%         N/A       69%         3
 Teleport Other           Tloc           0%         N/A       69%         3
 Olgreb's Toxic Radiance  Pois           0%         N/A       97%         4
 Alistair's Intoxication  Tmut/Pois      0%         N/A       100%        5
 Borgnjor's Vile Clutch   Necr/Erth      0%         N/A       100%        5
 Dispersal                Tloc           0%         N/A       100%        6
 Eringya's Noxious Bog    Tmut/Pois      0%         N/A       100%        6

Inventory:

Hand Weapons
 a - a +1 spear
 c - a +0 lajatang (weapon)
   (You found it on level 3 of the Dungeon)
Missiles
 e - 57 stones
 r - 8 poisoned darts
 z - 3 atropa-tipped darts
 K - 2 javelins
 T - a throwing net {=f!f}
Armour
 g - a +1 pair of gloves (melded)
   (You found it on level 1 of the Dungeon)
 j - a +0 ring mail
   (You found it on level 6 of the Dungeon)
 u - a +0 leather armour
   (You found it on level 7 of the Dungeon)
 v - a +0 ring mail
   (You found it on level 7 of the Dungeon)
 w - a +2 chain mail of fire resistance (melded)
   (You found it on level 3 of the Dungeon)
 y - a +0 helmet (melded)
   (You took it off Robin on level 4 of the Dungeon)
 B - a +0 leather armour
   (You took it off an orc on level 8 of the Dungeon)
 D - a +0 leather armour
   (You took it off an orc on level 8 of the Dungeon)
Magical Staves
 q - a staff of air {!a}
   (You found it on level 2 of the Dungeon)
Jewellery
 A - an amulet of the acrobat (around neck)
   (You found it on level 3 of the Dungeon)
 C - a ring of ice
   (You found it on level 5 of the Dungeon)
Wands
 O - a wand of charming (7)
   (You took it off Ijyb on level 5 of the Dungeon)
Scrolls
 d - 2 scrolls of fog
 h - 4 scrolls of immolation {!r!r}
 i - 4 scrolls of teleportation {@r4}
 m - 3 scrolls of identify {@r1}
 s - a scroll of torment {!r}
 t - 3 scrolls of enchant armour
 x - a scroll of enchant weapon {unknown}
 I - a scroll of brand weapon
 P - 3 scrolls of fear
 Q - 5 scrolls of poison {!r}
 V - 2 scrolls of magic mapping {!r}
Potions
 b - a potion of berserk rage {unknown}
 f - 5 potions of heal wounds {unknown}
 k - a potion of cancellation {unknown}
 l - 2 potions of lignification {!q}
 n - 3 potions of brilliance
 o - 3 potions of ambrosia {unknown}
 F - 2 potions of might {unknown}
 G - 4 potions of flight {unknown}
 H - 3 potions of invisibility {unknown}
 X - a potion of magic {unknown}
 Z - a potion of mutation {unknown}

Dungeon Overview and Level Annotations

Branches:
Dungeon (8/15) Zot: 26636  Temple (0/1) D:4         Ossuary (visited)
   Lair: D:8-11

Altars:
Dithmenos
Gozag
The Shining One

Shops:
D:2

( ######.#.#.###...###
######.#.....<....#
.......###.#####..#
..................#
##########.#####.## #
#.#####.# # # #.##...
..# #
#######.##.######y...#
#
#............♣yyyy....
#
#.####################
. # .


You could see 5 killer bees.


Message History

* * * LOW HITPOINT WARNING * * *
You are more poisoned.
The killer bee poisons you! 😨 HP[-3]
You take 3 damage, and now have 22/72 hp.
You feel better. The killer bee stings you.
* * * LOW HITPOINT WARNING * * *
The killer bee barely misses you. 😨 HP[+5]
You regained 5 hp, and now have 27/72 hp.
Unknown command.
You miss the killer bee.
The killer bee stings you but does no damage. x3 😨 HP[+1]
You slash the killer bee! The killer bee stings you.
* * * LOW HITPOINT WARNING * * *
You are poisoned.
The killer bee poisons you!
The killer bee stings you but does no damage. 😨 HP[-6]
You take 6 damage, and now have 22/72 hp.
Okay, then.
You miss the killer bee.
You feel very sick. The killer bee stings you.
* * * LOW HITPOINT WARNING * * *
You are more poisoned.
The killer bee poisons you!
The killer bee stings you but does no damage. 😱 HP[-5]
You take 5 damage, and now have 17/72 hp.
You feel better.
The killer bee stings you but does no damage.
The killer bee stings you.
* * * LOW HITPOINT WARNING * * *
😨 HP[+6]
You regained 6 hp, and now have 23/72 hp.
You barely miss the killer bee.
The killer bee stings you but does no damage.
The killer bee stings you.
* * * LOW HITPOINT WARNING * * *
The killer bee barely misses you. 😨 HP[-3]
You take 3 damage, and now have 20/72 hp.
You miss the killer bee. The killer bee barely misses you.
The killer bee stings you but does no damage.
You closely miss the killer bee. The killer bee stings you.
* * * LOW HITPOINT WARNING * * *
You are poisoned.
The killer bee poisons you!
The killer bee stings you but does no damage. x2 😱 HP[-2]
You take 2 damage, and now have 18/72 hp.
You miss the killer bee.
You feel sick.
The killer bee stings you but does no damage.
The killer bee barely misses you. 😱 HP[-2]
You take 2 damage, and now have 16/72 hp.
You miss the killer bee.
You feel sick. The killer bee misses you.
The killer bee stings you but does no damage. x2
You slash the killer bee!
You feel sick.
The killer bee stings you but does no damage.
The killer bee completely misses you. 😱 HP[-2]
You take 2 damage, and now have 14/72 hp.
You miss the killer bee.
You feel sick.
The killer bee stings you but does no damage.
The killer bee stings you.
* * * LOW HITPOINT WARNING * * *
😱 HP[-5]
You take 5 damage, and now have 9/72 hp.
You closely miss the killer bee.
You feel sick.
You are no longer poisoned.
The killer bee stings you but does no damage.
The killer bee completely misses you. The killer bee stings you.
* * * LOW HITPOINT WARNING * * *
You are lethally poisoned!
The killer bee poisons you! 😱 HP[-3]
You take 3 damage, and now have 6/72 hp.
Really quaff
l - 3 potions of lignification {!q}?
Really quaff the potion of lignification?
You turn into a tree.
Your +0 helmet melds into your body.
Your +1 pair of gloves melds into your body.
Your +2 chain mail of fire resistance melds into your body.
You feel less resistant to fire.
Your roots penetrate the ground.
* * * LOW HITPOINT WARNING * * *
You feel very sick.
The killer bee stings you but does no damage.
The killer bee stings you.
* * * LOW HITPOINT WARNING * * *
😱 HP[-2]
You now have 108 max hp (+36).
It was a potion of brilliance.
You feel clever all of a sudden.
* * * LOW HITPOINT WARNING * * *
You feel sick.
The killer bee stings you but does no damage.
The killer bee stings you.
You die...

Skill      XL: |  1  2  3  4  5  6  7  8  9 |
---------------+----------------------------+-----
Polearms       | 2 3 4 5 6 |  6.4
Armour         | 2 3 4 5 6 |  6.4
Invocations    | 3 4 5 6 8 9 |  9.0
Fighting       | 4 5 6 7 |  7.3
Dodging        | |  0.8

Action                   |  1- 3 |  4- 6 |  7- 9 || total
-------------------------+-------+-------+-------++-------
Melee: Spear             |   121 |    54 |       ||   175
       Lajatang          |       |   156 |   307 ||   463
Invok: Depart the Abyss  |     1 |       |       ||     1
       Banish            |       |       |     1 ||     1
Evoke: Wand              |       |       |     1 ||     1
  Use: Potion            |     1 |       |     4 ||     5
       Scroll            |       |    10 |     3 ||    13
 Stab: Sleeping          |     2 |     1 |       ||     3
Armor: Leather armour    |    34 |    20 |       ||    54
       Chain mail        |       |   115 |   273 ||   388
       Skin              |       |       |     2 ||     2
Dodge: Dodged            |    60 |   104 |   169 ||   333

Levels and vault maps discovered:
D:1:      dpeg_arrival_short_road, layout_loops_corners,
          shapermc_ecumenical_altar_notcrosses, minmay_split_cup_large
D:2:      layout_rooms, serial_shops, shop, hex_large, hangedman_decor_opposing,
          uniq_jessica
D:3:      layout_basic, chequers_serial_rivers_micro_c, uniq_natasha
D:4:      layout_loops_corners, nicolae_tso_besieged_by_evil, temple_statues,
          eino_small_chamber_without_monster, bh_walls_and_bars, uniq_robin
D:5:      layout_basic, mainiacjoe_overflow_cross_hatched, enter_ossuary_5,
          uniq_ijyb
D:6:      layout_basic, uniq_edmund
D:7:      layout_loops_cross, mainiacjoe_overflow_surrounded_room,
          nicolae_fountain_basement
D:8:      gammafunk_jiyva_shrine, layout_basic,
          mainiacjoe_overflow_six_doors_small, uniq_maggie, uniq_pikel

Notes
Turn   | Place    | Note
-------+----------+-------------------------------------------
     0 | Abyss:1  | skullybones the Demonspawn Abyssal Knight began the quest
                  | for the Orb.
     0 | Abyss:1  | Reached XP level 1. HP: 18/18 MP: 2/2
     0 | Abyss:1  | magus.rc [v1.11.3]
   119 | Abyss:1  | Noticed a tentacled starspawn
   145 | Abyss:1  | Noticed a crimson imp
   148 | Abyss:1  | Noticed a tentacled starspawn
   162 | Abyss:1  | Noticed an iron dragon zombie
   163 | Abyss:1  | Noticed an iron imp
   168 | Abyss:1  | Noticed a worldbinder
   170 | D:1      | You pass through the gate.
   170 | D:1      | Escaped the Abyss
   441 | D:1      | Reached skill level 2 in Polearms
   441 | D:1      | Reached skill level 2 in Armour
   442 | D:1      | Reached ** piety under Lugonu
   443 | D:1      | Gained mutation: You sometimes gain a little power by
                  | taking damage. [demonic ancestry]
   443 | D:1      | Reached XP level 2. HP: 16/24 MP: 4/4
   642 | D:1      | Found a faded altar of an unknown god.
   841 | D:1      | Reached skill level 3 in Invocations
  1048 | D:1      | Reached XP level 3. HP: 28/29 MP: 5/5
  1603 | D:2      | HP: 10/43 [poisoned by a goblin]
  1607 | D:2      | HP: 4/43 [poisoned by a goblin]
  1919 | D:2      | Found Cilujud's Weapon Shop.
  1952 | D:2      | Noticed Jessica
  1954 | D:2      | Killed Jessica
  1955 | D:2      | Gained mutation: You are partially covered in razor-sharp
                  | scales. (AC +1, Slay +1) [demonic ancestry]
  1955 | D:2      | Reached XP level 4. HP: 35/35 MP: 6/6
  2083 | D:2      | You add the spells Alistair's Intoxication, Borgnjor's Vile
                  | Clutch and Eringya's Noxious Bog to your library.
  2422 | D:2      | You add the spells Dazzling Flash, Inner Flame and Olgreb's
                  | Toxic Radiance to your library.
  2422 | D:2      | Got the Collected Works on Execration and Poison
  2812 | D:3      | Noticed Natasha
  2821 | D:3      | Killed Natasha
  2934 | D:3      | Noticed Natasha
  2946 | D:3      | Killed Natasha
  2947 | D:3      | Reached skill level 4 in Invocations
  2947 | D:3      | Gained mutation: You may rarely emit foul miasma when
                  | damaged in melee. [demonic ancestry]
  2947 | D:3      | Reached XP level 5. HP: 24/42 MP: 6/8
  3388 | D:3      | Noticed Natasha
  3396 | D:3      | Killed Natasha
  3396 | D:3      | Reached *** piety under Lugonu
  3397 | D:3      | Reached skill level 4 in Fighting
  3397 | D:3      | Reached skill level 3 in Polearms
  3856 | D:4      | Noticed Robin
  3868 | D:4      | Reached skill level 3 in Armour
  3890 | D:4      | Killed Robin
  4102 | D:4      | Reached XP level 6. HP: 41/48 MP: 9/9
  4205 | D:4      | Found a staircase to the Ecumenical Temple.
  4389 | D:4      | Reached skill level 5 in Invocations
  4964 | D:5      | Entered Level 5 of the Dungeon
  5007 | D:5      | Gained mutation: Your touch may inflict minor irresistible
                  | damage on your foes. [demonic ancestry]
  5007 | D:5      | Reached XP level 7. HP: 32/55 MP: 9/11
  5062 | D:5      | HP: 13/55 [poisoned by a water moccasin]
  5067 | D:5      | HP: 6/55 [poisoned by a water moccasin]
  5159 | D:5      | Reached skill level 4 in Polearms
  5160 | D:5      | Reached skill level 5 in Fighting
  5160 | D:5      | Reached skill level 4 in Armour
  5166 | D:5      | HP: 14/56 [white imp/puff of frost (3)]
  5202 | D:5      | Found a sand-covered staircase.
  5361 | Ossuary  | Entered an ossuary
  5418 | Ossuary  | Reached skill level 6 in Invocations
  5604 | Ossuary  | Reached **** piety under Lugonu
  6106 | D:5      | HP: 14/56 [poisoned by an orc priest]
  6111 | D:5      | HP: 8/56 [poisoned by an orc priest]
  6397 | D:5      | Found an opulent altar of Gozag.
  6419 | D:5      | Noticed Ijyb
  6444 | D:5      | Killed Ijyb
  6445 | D:5      | Reached XP level 8. HP: 56/63 MP: 12/12
  7052 | D:6      | Reached skill level 7 in Invocations
  7156 | D:6      | Reached skill level 5 in Polearms
  7206 | D:6      | Reached skill level 6 in Fighting
  7206 | D:6      | Reached skill level 5 in Armour
  7283 | D:6      | Noticed Edmund
  7300 | D:6      | Killed Edmund
  7977 | D:6      | You add the spells Gell's Gravitas, Teleport Other and
                  | Dispersal to your library.
  8058 | D:7      | Reached skill level 8 in Invocations
  8083 | D:6      | Gained mutation: Your touch may inflict irresistible damage
                  | on your foes. [demonic ancestry]
  8083 | D:6      | Reached XP level 9. HP: 31/71 MP: 15/15
  8443 | D:7      | Found a shadowy altar of Dithmenos.
  9138 | D:7      | Reached skill level 6 in Polearms
  9268 | D:7      | Reached skill level 6 in Armour
  9373 | D:8      | Reached skill level 7 in Fighting
  9566 | D:8      | Reached skill level 9 in Invocations
  9708 | D:8      | HP: 17/72 [killer bee (2)]
  9713 | D:8      | HP: 16/72 [poisoned by a killer bee]
  9717 | D:8      | HP: 6/72 [killer bee (3)]
  9719 | D:8      | HP: 2/108 [poisoned by a killer bee]
  9719 | D:8      | Slain by a killer bee

Vanquished Creatures
  A wyvern (D:8)
  A steam dragon (D:6)
  Edmund (D:6)
  5 water moccasins
  A black bear (D:7)
  A sky beast (D:7)
  3 phantoms
  2 bullfrogs (D:7)
  A necrophage (D:4)
  5 scorpions
  4 killer bees (D:8)
  2 howler monkeys
  A centaur zombie (Ossuary)
  A crimson imp (D:4)
  4 hounds
  Ijyb (D:5)
  2 gnoll shamans (D:6)
  An orc priest (D:5)
  A jelly (D:6)
  A human zombie (Ossuary)
  Jessica (D:2)
  2 iguanas
  3 orc wizards
  Natasha (thrice) (D:3)
  4 mummies (Ossuary)
  Robin (D:4)
  4 adders
  10 gnolls (D:6)
  2 shadow imps
  A white imp (D:5)
  4 ufetubi
  A worm (D:2)
  13 orcs
  5 ball pythons
  8 bats
  6 endoplasms
  4 giant cockroaches
  11 goblins
  6 hobgoblins
  7 jackals (D:1)
  5 kobolds
  2 quokkas (D:1)
  3 frilled lizards
  A goblin skeleton (D:4)
  3 goblin zombies (Ossuary)
  7 hobgoblin zombies
  2 kobold zombies
  2 orc zombies (D:4)
  5 rats
165 creatures vanquished.

Vanquished Creatures (others)
  An iguana (D:6)
  6 starspawn tentacles (Abyss:1)
7 creatures vanquished.

Grand Total: 172 creatures vanquished

Table legend:
 A = Non-vault XP
 B = Vault XP
 C = Vault XP percentage of total XP
 D = Non-vault monster count
 E = Vault monster count
 F = Vault count percentage of total count
                 A         B        C        D         E       F
            +---------+---------+-------+---------+---------+-------
      Total |    3857 |     537 |  12.2 |     126 |      40 |  24.1
            +---------+---------+-------+---------+---------+-------
        D:1 |      50 |       3 |   5.7 |      28 |       2 |   6.7
        D:2 |      48 |      37 |  43.5 |      14 |       1 |   6.7
        D:3 |      97 |      35 |  26.5 |      11 |       1 |   8.3
        D:4 |     207 |      88 |  29.8 |      11 |      22 |  66.7
        D:5 |     814 |      41 |   4.8 |      17 |       1 |   5.6
        D:6 |     857 |     171 |  16.6 |      22 |       1 |   4.3
        D:7 |    1015 |       0 |   0.0 |      13 |       0 |   0.0
        D:8 |     769 |       0 |   0.0 |      10 |       0 |   0.0
    Ossuary |       0 |     162 | 100.0 |       0 |      12 | 100.0
            +---------+---------+-------+---------+---------+-------

Illustrated notes

Table legend:
 A = Kills in this place as a percentage of kills in entire the game.
 B = Kills by you in this place as a percentage of kills by you in the entire game.
 C = Kills by friends in this place as a percentage of kills by friends in the entire game.
 D = Other kills in this place as a percentage of other kills in the entire game.
 E = Experience gained in this place as a percentage of experience gained in the entire game.
 F = Experience gained in this place divided by the number of levels of this place that you have seen.
                   A       B       C       D       E      F
               +-------+-------+-------+-------+-------+----------------------
         Total | 100.0 | 100.0 |   N/A | 100.0 | 100.0 | 439.4
       Dungeon |  92.8 |  92.7 |   N/A | 100.0 |  96.3 | 529.0
       Ossuary |   7.2 |   7.3 |   N/A |   0.0 |   3.7 | 162.0
               +-------+-------+-------+-------+-------+----------------------

Table legend: (Time is in decaauts)
 A = Elapsed time spent in this place.
 B = Non-inter-level travel time spent in this place.
 C = Inter-level travel time spent in this place.
 D = Time resting spent in this place.
 E = Time spent auto-exploring this place.
 F = Levels seen in this place.
 G = Mean time per level.
                   A        B        C        D        E       F      G
               +--------+--------+--------+--------+--------+-----+--------+
         Total |   9854 |   9665 |    189 |    890 |   7252 |  10 |  985.4 |
       Dungeon |   9085 |   8896 |    189 |    803 |   6744 |   8 | 1135.6 |
         Abyss |    170 |    170 |      0 |      0 |    119 |   1 |  170.0 |
       Ossuary |    598 |    598 |      0 |     87 |    389 |   1 |  598.0 |
               +--------+--------+--------+--------+--------+-----+--------+

Top non-repeatable levels by time:
     D:5: 1459 daAuts
     D:6: 1296 daAuts
     D:1: 1288 daAuts
     D:2: 1270 daAuts
     D:4: 1157 daAuts
     D:3: 1132 daAuts
     D:7: 1117 daAuts
 Ossuary: 598 daAuts
     D:8: 362 daAuts
 Abyss:1: 170 daAuts
